 Dungeon Crawl Stone Soup version 0.24-a0-441-g27f0392e16 (webtiles) character file.

Game seed: 11582033361712994651

6155 Gynju the Basher (level 10, 0/73 HPs)
             Began as a Demonspawn Fighter on June 19, 2019.
             Was a Priest of Makhleb.
             Slain by a yak (9 damage)
             ... on level 8 of the Dungeon.
             The game lasted 00:23:00 (9264 turns).

Gynju the Basher (Demonspawn Fighter)               Turns: 9264, Time: 00:23:01

Health: 0/73       AC: 13    Str: 18    XL:     10   Next: 59%
Magic:  12/13      EV:  6    Int: 15    God:    Makhleb [***...]
Gold:   418        SH:  9    Dex: 15    Spells: 9/9 levels left

rFire    + + .     SeeInvis .   I - +7 whip of Linearity {drain, Int+6}
rCold    . . .     Gourm    +   c - +0 shield
rNeg     . . .     Faith    .   m - +0 chain mail
rPois    .         Spirit   .   y - +0 helmet
rElec    .         Reflect  .   d - +0 cloak
rCorr    .         Harm     .   (no gloves)
MR       .....                  (boots unavailable)
Stlth    ..........             s - amulet of the gourmand
HPRegen  0.22/turn              j - ring of protection from fire
MPRegen  0.13/turn              t - ring of protection from fire

@: no status effects
A: hooves 3, icy blue scales 1, rot immunity
a: Minor Destruction, Lesser Servant of Makhleb, Renounce Religion


You were on level 8 of the Dungeon.
You worshipped Makhleb.
Makhleb was most pleased with you.
You were completely stuffed.

You visited 2 branches of the dungeon, and saw 9 of its levels.

You collected 418 gold pieces.

Inventory:

Hand Weapons
 I - the +7 whip of Linearity (weapon) {drain, Int+6}
   (You found it on level 8 of the Dungeon)

   A truly terrible weapon, it drains the life of those it strikes.
   It affects your intelligence (+6).
Missiles
 k - 299 stones (quivered)
Armour
 c - a +0 shield (worn)
 d - a +0 cloak (worn)
 m - a +0 chain mail (worn)
 v - a cursed +0 pair of boots
 y - a +0 helmet (worn)
Jewellery
 a - a cursed ring of teleportation {unknown}
 j - a ring of protection from fire (left hand)
 s - an amulet of the gourmand (around neck)
 t - a ring of protection from fire (right hand)
 A - an uncursed amulet of guardian spirit
 E - an uncursed amulet of magic regeneration
Wands
 b - a wand of flame (19)
 o - a wand of digging (8)
 x - a wand of paralysis (7)
 D - a wand of acid (9)
Scrolls
 e - 3 scrolls of teleportation
 l - 6 scrolls of remove curse
 n - 4 scrolls of identify
 u - a scroll of fog {unknown}
 z - a scroll of fear
 B - a scroll of amnesia
 C - a scroll of magic mapping {unknown}
 G - a scroll of noise {unknown}
Potions
 h - 2 potions of lignification {unknown}
 i - 6 potions of curing {unknown}
 p - a potion of flight {unknown}
 q - 3 potions of ambrosia {unknown}
 r - a potion of resistance
 w - 2 potions of heal wounds {unknown}
 F - a potion of invisibility
Comestibles
 f - 20 rations
 g - 3 chunks of flesh


   Skills:
 + Level 4.4 Fighting
 - Level 12.8 Maces & Flails
 + Level 4.0 Armour
 + Level 2.7 Dodging
 + Level 4.0 Shields
 + Level 4.0 Invocations


You had 9 spell levels left.
You didn't know any spells.
Your spell library was empty.

Dungeon Overview and Level Annotations

Branches:
Dungeon (8/15)             Temple (1/1) D:5            Lair (0/6) D:8

Altars:
Ashenzari
Cheibriados
Dithmenos
Elyvilon
Fedhas
Gozag
Kikubaaqudgha
Makhleb
Okawaru
Qazlal
Ru
Sif Muna
Trog
Vehumet
Wu Jian
Xom
Zin
The Shining One
Jiyva

Shops:
D:4 (

Annotations:
D:6 2 runed translucent doors, M4edhros's ghost, novice OpAr


Innate Abilities, Weirdness & Mutations

You have hooves in place of feet.
You are partially covered in icy blue scales. (AC +2)
You are immune to rotting.


Message History

Deactivating autopickup; reactivate with Ctrl-A.
The yak barely misses you. The yak gores you!
You turn to flesh and can move again.
You are too injured to fight recklessly!
You are too injured to fight recklessly!
The orc shouts!
You whack the basilisk! You drain the basilisk. You kick the basilisk.
The basilisk is heavily wounded.
You block the yak's attack. The basilisk bites you!
* * * LOW HITPOINT WARNING * * *
You whack the basilisk!
The basilisk is almost dead.
The yak gores you but does no damage. The yak gores you!
* * * LOW HITPOINT WARNING * * *
You whack the basilisk!
You kill the basilisk!
Makhleb accepts your kill.
Your Invocations skill increases to level 4!
The yak gores you!
You die...

#.......... ###......P...
#....###.P... ........8
#....#....... ........
#....#..♣.♣.. .......#
#....#.......
......###+##########....#..#....
#.............Y.......###..#....
#.......(....rY@......#....#....
#.............Y.......#....#....
#.....................#....#....
##........o............#..###....
....##.....#####......##..#.....#
.#...#.....# #......'...'.....#
.#...#.....# #......#...#.....#
#...#.....#####......#####.....#
##...##'##...................#'##


You could see 3 yaks, a porcupine and an orc.

Vanquished Creatures
  Harold (D:8)
  A hippogriff (D:7)
  Sigmund (D:3)
  2 basilisks
  A human (D:7)
  4 hogs (D:7)
  Duvessa (D:5)
  2 porcupines (D:8)
  2 orc warriors (D:7)
  2 phantoms
  A sky beast (D:7)
  5 ogres
  2 centaurs (D:6)
  2 crocodiles (D:8)
  A big kobold (D:7)
  6 bullfrogs
  A gnoll sergeant (D:8)
  Dowan (D:5)
  5 scorpions
  9 killer bees (D:8)
  A wight (D:8)
  3 howler monkeys
  A crimson imp (D:7)
  A bullfrog zombie (D:7)
  5 hounds
  A centaur zombie (D:7)
  Crazy Yiuf (D:3)
  5 orc priests
  A jelly (D:8)
  11 orc wizards
  A centaur skeleton (D:8)
  3 iguanas
  Ijyb (D:3)
  3 worker ants
  A killer bee zombie (D:8)
  A hound zombie (D:7)
  A hound skeleton (D:7)
  A howler monkey skeleton (D:8)
  11 gnolls
  10 adders
  A shadow imp (D:7)
  An ooze (D:4)
  2 adder skeletons
  3 worms
  2 dart slugs
  A leopard gecko (D:5)
  21 orcs
  5 bats
  5 giant cockroaches
  7 goblins
  11 hobgoblins
  16 jackals
  8 kobolds
  4 quokkas
  8 frilled lizards
  2 leopard gecko zombies
  A quokka zombie (D:5)
  9 rats
220 creatures vanquished.

Notes
Turn   | Place    | Note
-------+----------+-------------------------------------------
     0 | D:1      | Gynju the Demonspawn Fighter began the quest for the Orb.
     0 | D:1      | Reached XP level 1. HP: 18/18 MP: 1/1
     6 | D:1      | Noticed a rime drake
     6 | D:1      | Noticed a redback
     6 | D:1      | Noticed a black bear
     7 | D:1      | Noticed a wolf
    54 | D:1      | Reached skill level 2 in Maces & Flails
   205 | D:1      | Gained mutation: You are immune to rotting. [demonic
                  | ancestry]
   205 | D:1      | Reached XP level 2. HP: 21/24 MP: 2/2
   649 | D:1      | Reached skill level 3 in Maces & Flails
   861 | D:1      | Gained mutation: You have large cloven feet. [demonic
                  | ancestry]
   861 | D:1      | Reached XP level 3. HP: 29/29 MP: 3/3
  1816 | D:2      | Reached skill level 4 in Maces & Flails
  1816 | D:2      | Reached XP level 4. HP: 27/35 MP: 4/4
  2279 | D:3      | HP: 1/35 [iguana (7)]
  2663 | D:3      | Found a sacrificial altar of Ru.
  2920 | D:3      | Gained mutation: You have hoof-like feet. [demonic
                  | ancestry]
  2920 | D:3      | Reached XP level 5. HP: 40/41 MP: 5/5
  2944 | D:3      | Noticed Sigmund
  2969 | D:3      | HP: 2/41 [something (1)]
  2973 | D:3      | Killed Sigmund
  2973 | D:3      | Reached skill level 5 in Maces & Flails
  2973 | D:3      | Gained mutation: You have hooves in place of feet. [demonic
                  | ancestry]
  2973 | D:3      | Reached XP level 6. HP: 3/47 MP: 6/6
  3269 | D:3      | Noticed Ijyb
  3281 | D:3      | Killed Ijyb
  3281 | D:3      | Reached skill level 6 in Maces & Flails
  3376 | D:3      | Found a runed translucent door.
  3377 | D:3      | Noticed Crazy Yiuf
  3525 | D:3      | Killed Crazy Yiuf
  3914 | D:4      | Found a white marble altar of Elyvilon.
  4297 | D:4      | Reached skill level 7 in Maces & Flails
  4297 | D:4      | Reached XP level 7. HP: 50/52 MP: 7/7
  4367 | D:4      | Found Sewux's Weapon Shop.
  4717 | D:5      | Entered Level 5 of the Dungeon
  4817 | D:5      | Found a staircase to the Ecumenical Temple.
  4826 | D:5      | Noticed Dowan
  4827 | D:5      | Noticed Duvessa
  4836 | Temple   | Entered the Ecumenical Temple
  4849 | Temple   | Became a worshipper of Makhleb the Destroyer
  4944 | D:5      | Killed Dowan
  4944 | D:5      | Reached skill level 8 in Maces & Flails
  5203 | D:5      | Killed Duvessa
  5203 | D:5      | Reached XP level 8. HP: 20/58 MP: 8/8
  5689 | D:6      | Found an ancient bone altar of Kikubaaqudgha.
  5689 | D:6      | Found a shadowy altar of Dithmenos.
  5694 | D:5      | Reached skill level 9 in Maces & Flails
  5904 | D:6      | Reached skill level 10 in Maces & Flails
  5949 | D:6      | Found a bloodstained altar of Trog.
  6065 | D:6      | Reached * piety under Makhleb
  6103 | D:6      | Found a deep blue altar of Sif Muna.
  6286 | D:6      | Found a deep blue altar of Sif Muna.
  6336 | D:6      | Found a large runed translucent door.
  6336 | D:6      | Found a large runed translucent door.
  6337 | D:6      | Noticed M4edhros's ghost (novice OpAr)
  6429 | D:6      | Found a stormy altar of Qazlal.
  6701 | D:7      | Reached XP level 9. HP: 63/63 MP: 9/9
  7000 | D:7      | Reached skill level 11 in Maces & Flails
  7020 | D:7      | Identified the +9 rapier "Demon's Undoing" {flame, *Drain
                  | +Rage rF++ rC+} (You found it on level 7 of the Dungeon)
  7210 | D:7      | Reached ** piety under Makhleb
  7639 | D:7      | Reached skill level 12 in Maces & Flails
  7882 | D:8      | Got a translucent whip
  7883 | D:8      | Identified the +7 whip of Linearity {drain, Int+6} (You
                  | found it on level 8 of the Dungeon)
  7960 | D:8      | Gained mutation: You are partially covered in icy blue
                  | scales. (AC +2) [demonic ancestry]
  7960 | D:8      | Reached XP level 10. HP: 57/70 MP: 10/10
  8111 | D:8      | Reached skill level 1 in Invocations
  8118 | D:8      | Noticed Harold
  8137 | D:8      | Killed Harold
  8137 | D:8      | Reached skill level 1 in Dodging
  8532 | D:7      | Reached *** piety under Makhleb
  9151 | D:8      | Found a staircase to the Lair.
  9264 | D:8      | Slain by a yak

Levels and vault maps discovered:
D:1:      onia_arrival_zoo_common, layout_basic, minmay_misc_feat_rows,
          hangedman_decor_points
D:2:      layout_loops_cross, first_ration, chequers_serial_rivers_room_a,
          kennysheep_generic_room_7
D:3:      layout_loops_ring, nicolae_ru_awakened_eye,
          wander_ebering_terrifying_dragon_lair, uniq_ijyb,
          uniq_crazy_yiuf_cottage, uniq_sigmund
D:4:      layout_loops_ring, nicolae_overflow_crystal_walls, serial_shops,
          kennysheep_mini_moat, chequers_serial_rivers_micro_e
D:5:      layout_loops_ring, minmay_temple_entry_antechambers,
          grunt_ministairs_2, uniq_duvessa
D:6:      layout_basic, lemuel_doored_altar, nicolae_overflow_hidden_temple,
          chequers_temple_overflow_statue_of_worship,
          ebering_ghost_disaster_area, basic_altar
D:7:      layout_loops_corners, grunt_livestock, kennysheep_big_empty_room,
          minmay_alternating_orb
D:8:      lemuel_insect_pit, layout_gridville, eat_drink_and_be_merry_uskayaw,
          minmay_lair_entry_grove, basic_altar, uniq_harold
Temple:   pf_slimified_temple

Skill      XL: |  1  2  3  4  5  6  7  8  9 10 |
---------------+-------------------------------+-----
Maces & Flails | 2 3 4 5 7 8 10 12 | 12.8
Invocations    | 4 |  4.0
Armour         | 4 |  4.0
Dodging        | 2 |  2.7
Shields        | 4 |  4.0
Fighting       | 4 |  4.4

Action                   |  1- 3 |  4- 6 |  7- 9 | 10-12 || total
-------------------------+-------+-------+-------+-------++-------
Melee: Flail             |   173 |   110 |       |       ||   283
       Kick              |    18 |    31 |   125 |    42 ||   216
       Mace              |       |    62 |   406 |       ||   468
       Whip              |       |       |    17 |   137 ||   154
  Use: Potion            |       |     1 |       |     1 ||     2
       Scroll            |       |     9 |     1 |     1 ||    11
 Stab: Distracted        |       |       |     1 |       ||     1
       Invisible         |       |       |       |     1 ||     1
  Eat: Chunk             |     3 |    20 |    12 |     5 ||    40
Armor: Scale mail        |    51 |       |       |       ||    51
       Chain mail        |    80 |    82 |   221 |   104 ||   487
Dodge: Dodged            |    53 |    29 |    56 |    51 ||   189
Block: Shield            |   105 |    78 |   177 |    73 ||   433

Table legend:
 A = Non-vault XP
 B = Vault XP
 C = Vault XP percentage of total XP
 D = Non-vault monster count
 E = Vault monster count
 F = Vault count percentage of total count
                 A         B        C        D         E       F
            +---------+---------+-------+---------+---------+-------
      Total |    4707 |    4087 |  46.5 |     184 |      36 |  16.4
            +---------+---------+-------+---------+---------+-------
        D:1 |      59 |       0 |   0.0 |      27 |       0 |   0.0
        D:2 |      74 |       8 |   9.8 |      19 |       4 |  17.4
        D:3 |     134 |     306 |  69.5 |      18 |       4 |  18.2
        D:4 |     466 |       0 |   0.0 |      23 |       0 |   0.0
        D:5 |     344 |     220 |  39.0 |      12 |       2 |  14.3
        D:6 |    1163 |       0 |   0.0 |      26 |       0 |   0.0
        D:7 |     978 |    1862 |  65.6 |      26 |      19 |  42.2
        D:8 |    1489 |    1691 |  53.2 |      33 |       7 |  17.5
            +---------+---------+-------+---------+---------+-------
